 Dungeon Crawl Stone Soup version 0.22-a0-825-ga28c36f (webtiles) character file.

126 torrenera the Firebug (level 4, 0/33 HPs)
             Began as a Demigod Fire Elementalist on July 24, 2018.
             Slain by an orc wizard
             ... wielding a +0 dagger
              (6 damage)
             ... on level 3 of the Dungeon.
             The game lasted 00:03:37 (2080 turns).

torrenera the Firebug (Demigod Fire Elementalist)   Turns: 2080, Time: 00:03:37

Health: 0/33       AC:  2    Str: 11    XL:     4   Next: 54%
Magic:  7/9        EV: 12    Int: 21    God:
Gold:   140        SH:  0    Dex: 16    Spells: 3/6 levels left

rFire    . . .     SeeInvis .   n - +0 glaive
rCold    . . .     Gourm    .   (shield currently unavailable)
rNeg     . . .     Faith    .   a - +0 robe
rPois    .         Spirit   .   (no helmet)
rElec    .         Reflect  .   (no cloak)
rCorr    .         Harm     .   (no gloves)
MR       .....                  (no boots)
Stlth    ++........             (no amulet)
HPRegen  0.11/turn              (no ring)
MPRegen  0.11/turn              (no ring)

@: no status effects
A: high mp 1
a: no special abilities


You were on level 3 of the Dungeon.
You were not hungry.

You visited 1 branch of the dungeon, and saw 3 of its levels.

You collected 140 gold pieces.

Inventory:

Hand Weapons
 b - a +0 short sword
 n - a +0 glaive (weapon)
Missiles
 j - 59 stones (quivered)
Armour
 a - a +0 robe (worn)
 f - a +0 ring mail
Jewellery
 i - a cursed amulet of inaccuracy {unknown}
Scrolls
 e - 2 scrolls of remove curse {unknown}
 g - 4 scrolls of identify {unknown}
 k - a scroll of teleportation {unknown}
 l - a scroll of amnesia {unknown}
Potions
 d - a potion of magic {unknown}
 h - a potion of agility {unknown}
 m - 2 potions of curing {unknown}
Comestibles
 c - 4 rations
 o - 5 chunks of flesh


   Skills:
 - Level 1.7 Dodging
 - Level 1.7 Stealth
 - Level 1.7 Spellcasting
 - Level 0.8 Conjurations
 + Level 5.1 Fire Magic


You had 3 spell levels left.
You knew the following spells:

 Your Spells              Type           Power        Failure   Level  Hunger
a - Flame Tongue          Conj/Fire      ##...        4%          1    #......
b - Throw Flame           Conj/Fire      ##....       7%          2    ###....

Your spell library contained the following spells:

 Spells                   Type           Power        Failure   Level  Hunger
 Fireball                 Conj/Fire      ##........   77%         5    ######.
 Conjure Flame            Conj/Fire      ##......     13%         3    ###....
 Sticky Flame             Conj/Fire      ##......     41%         4    #####..
 Inner Flame              Hex/Fire       ##......     16%         3    ###....


Dungeon Overview and Level Annotations

Branches:
Dungeon (3/15)


Innate Abilities, Weirdness & Mutations

You have an increased reservoir of magic. (+10% MP)


Message History

Press: ? - help, Shift-Dir - straight line, f/p - orc
Aim: an orc, wearing a ring mail (heavily wounded)
The flame tongue hits the orc.
You kill the orc!
The orc wizard casts a spell.
The orc wizard flickers and vanishes!
Deactivating autopickup; reactivate with Ctrl-A.
The orc hits you with a flail.
You see here a ring mail.
You barely miss the orc. The orc hits you with a flail.
You closely miss the orc. The orc barely misses you.
You closely miss the orc. The orc hits you with a flail. x2
You hit the orc.
The orc is moderately wounded.
The orc hits you with a flail!
* * * LOW HITPOINT WARNING * * *
You slash the orc!
You kill the orc!
Something hits you.
You die...

#.########
#...o)@..#
########.#
#.# #. #.#
#.. #.# #.##
#.# #..# #.#
#..# #.#
##..#
##########.#


You could see an orc.

Vanquished Creatures
  A hound (D:2)
  4 gnolls
  An adder (D:2)
  An ooze (D:1)
  2 worms (D:2)
  3 dart slugs
  2 orcs (D:3)
  A giant cockroach (D:3)
  2 goblins
  5 hobgoblins
  2 jackals (D:3)
  4 bats
  4 frilled lizards
  2 kobolds (D:1)
  A rat (D:1)
35 creatures vanquished.

Notes
Turn   | Place    | Note
-------+----------+-------------------------------------------
     0 | D:1      | torrenera the Demigod Fire Elementalist began the quest for the Orb.
     0 | D:1      | Reached XP level 1. HP: 14/14 MP: 5/5
    88 | D:1      | Reached skill level 3 in Fire Magic
   193 | D:1      | Reached XP level 2. HP: 6/20 MP: 2/7
   417 | D:1      | Learned a level 2 spell: Throw Flame
  1074 | D:2      | Reached XP level 3. HP: 26/26 MP: 5/8
  1092 | D:2      | Reached skill level 4 in Fire Magic
  1416 | D:2      | Reached XP level 4. HP: 33/33 MP: 6/9
  1761 | D:2      | Reached skill level 5 in Fire Magic
  2080 | D:3      | Slain by an orc wizard

Vault maps used:
D:1:      dpeg_arrival_rhombi
D:2:      first_ration
D:3:      kennysheep_nub, nemelex_spade_bored_becter, uniq_ijyb

Skill      XL: |  1  2  3  4 |
---------------+-------------+-----
Fire Magic     | 3 4 5 |  5.1
Dodging        | |  1.7
Stealth        | |  1.7
Spellcasting   | |  1.7
Conjurations   | |  0.8

Action                   |  1- 3 |  4- 6 || total
-------------------------+-------+-------++-------
Melee: Short sword       |    22 |       ||    22
       Glaive            |       |     9 ||     9
 Cast: Flame Tongue      |    36 |    25 ||    61
 Stab: Sleeping          |     1 |       ||     1
  Eat: Chunk             |     2 |     2 ||     4
Armor: Robe              |    10 |     1 ||    11
Dodge: Dodged            |    40 |    13 ||    53

Table legend:
 A = Spawn XP
 B = Non-spawn XP
 C = Spawn XP percentage of total XP
 D = Spawn monster count
 E = Non-spawn monster count
 F = Spawn count percentage of total count
 G = Total turns spent on level
                    A         B        C        D         E        F      G
               +---------+---------+-------+---------+---------+-------+---------
         Total |       0 |     180 |   0.0 |       0 |      35 |   0.0 |  2080
               +---------+---------+-------+---------+---------+-------+---------
           D:1 |       0 |      45 |   0.0 |       0 |      15 |   0.0 |  1035
           D:2 |       0 |     118 |   0.0 |       0 |      12 |   0.0 |   927
           D:3 |       0 |      17 |   0.0 |       0 |       8 |   0.0 |   118
               +---------+---------+-------+---------+---------+-------+---------
